Description

In this replay, I show you how to defend a roach ravager all-in. In starcraft 2, beginners have many difficulty to hold this kind of cheese. It's time to know how to hold it the easy way. I present you the standard hold using wall + robotic playstyle.

This kind of cheese can be really challenging to hold but there is some ways to know about it :

  • You need to scout it really fast (that the reason why protoss scout early)
  • This ZvP cheese is really engaging for the zerg
  • This cheese looks like many other cheese (zergling flood and baneling bust): The way to hold them is almost the same
  • You can hold it with a Stargate playstyle but it's more tricky

VOD

https://youtu.be/K5RVoFpIDHA

Replay - PvZ roach all-in

Build Order

Get SALT Encoding   

  12  0:01  Probe  
  13  0:14  Probe  
  14  0:20  Pylon  
  14  0:22  Probe  
  15  0:34  Probe  
  15  0:40  Gateway  
  16  0:45  Probe  
  17  0:50  Assimilator  
  17  0:57  Probe  
  18  1:10  Probe  
  19  1:22  Probe  
  20  1:31  Nexus  
  21  1:41  Cybernetics Core  
  21  1:42  Probe  
  21  1:51  Assimilator  
  21  1:55  Probe  
  21  1:58  Pylon  
  22  2:07  Adept  
  25  2:23  Robotics Facility  
  25  2:26  Warp Gate  
  26  2:38  Stalker  
  30  2:57  Gateway  
  31  3:02  Immortal  
  35  3:16  Shield Battery  
  35  3:27  Pylon  
  35  3:42  Shield Battery  
  35  3:44  Immortal  
  37  3:59  Shield Battery  
  37  4:06  Pylon  
  35  4:14  Zealot x2  
  39  4:23  Immortal  
  41  4:43  Sentry x2  
  45  5:01  Immortal  
  45  5:05  Gateway  
  49  5:17  Gateway, Stalker  
  53  5:23  Phoenix  
  54  5:38  Pylon  
  54  5:47  Warp Prism  
  58  6:01  Gateway  
  58  6:04  Stalker  
  62  6:15  Stalker x2  
  68  6:29  Stalker  
  70  6:51  Nexus  
  70  6:54  Stalker x3  
  74  7:14  Stalker  
  80  7:41  Forge  
  80  7:42  Twilight Council  
  78  7:47  Immortal  
  84  8:02  Assimilator x2  
  84  8:05  Charge  
  87  8:09  Zealot x2  
  93  8:14  Protoss Ground Weapons Level 1  
  101  8:54  Gateway  
  102  8:56  Immortal  
  108  9:02  Zealot  
  111  9:12  Templar Archives  
  111  9:39  Zealot x4  
  111  9:45  Immortal  
  99  9:51  Zealot  
  101  9:55  Shield Battery x2  
Spawning Tool Build Advisor. Get it on Overwolf

Go to:

Details

  • Created by: zuka      
  • Published on: Jul 15, 2019
  • Patch: 4.7.1
Show
View Real Time Build Order
Export as new Build Order

Comments (0)

There are no comments. Be the first!

Create an account to comment!